 Dungeon Crawl Stone Soup version 0.27-a0-1136-g0b992a5a9d (webtiles) character file.

Game seed: 9669136111441471701

831 1player the Skirmisher (level 7, -7/62 HPs)
             Began as a Palentonga Abyssal Knight on May 5, 2021.
             Was a Believer of Lugonu.
             Mangled by a wyvern zombie (9 damage)
             ... on level 5 of the Dungeon.
             The game lasted 00:18:01 (8527 turns).

1player the Skirmisher (Palentonga Abyssal Knight)  Turns: 8527, Time: 00:18:02

Health: -7/62      AC: 15    Str: 17    XL:     7   Next: 65%
Magic:  7/10       EV:  8    Int: 12    God:    Lugonu [**....]
Gold:   171        SH:  0    Dex: 10    Spells: 6/6 levels left

rFire    . . .     SeeInvis +   j - +0 quarterstaff
rCold    . . .     Faith    .   (shield currently unavailable)
rNeg     . . .     Spirit   .   r - +0 ring mail
rPois    .         Reflect  .   (no helmet)
rElec    .         Harm     .   l - +0 cloak
rCorr    .         Rampage  .   n - +1 pair of gloves
Will     .....                  (no barding)
Stlth    ..........             (no amulet)
HPRegen  0.20/turn              (no ring)
MPRegen  0.12/turn              (no ring)

@: hasted, curled up, very quick
A: large, rugged brown scales 3, see invisible, deformed body, roll 1, armoured
tail, reflexive curl
a: Rolling Charge, Renounce Religion, Depart the Abyss, Bend Space


You were on level 5 of the Dungeon.
You worshipped Lugonu.
Lugonu was pleased with you.
You visited 2 branches of the dungeon, and saw 7 of its levels.
You visited the Abyss 1 time.

You collected 211 gold pieces.
You spent 40 gold pieces at shops.

Inventory:

Hand Weapons
 a - a +1 spear
 j - a +0 quarterstaff (weapon)
Missiles
 p - 19 poisoned darts
 q - 13 atropa-tipped darts
Armour
 b - a +0 leather armour
 l - a +0 cloak (worn)
 n - a +1 pair of gloves (worn)
 r - a +0 ring mail (worn)
Jewellery
 o - a ring of see invisible
Wands
 t - a wand of iceblast (5)
Scrolls
 d - 3 scrolls of enchant armour
 i - 2 scrolls of teleportation
Potions
 c - a potion of flight {unknown}
 e - 3 potions of haste
 f - 2 potions of berserk rage {unknown}
 g - 2 potions of curing {unknown}
 h - 2 potions of attraction
 k - a potion of might {unknown}
 m - a potion of mutation {unknown}
 s - a potion of lignification {unknown}
 u - a potion of heal wounds {unknown}
 w - a potion of ambrosia {unknown}


   Skills:
 - Level 6.0 Fighting
 - Level 1.7(3.8) Polearms
 - Level 5.8(6.0) Staves
 - Level 1.5 Armour
 - Level 0.7 Dodging
 + Level 4.2 Invocations


You had 6 spell levels left.
You didn't know any spells.
Your spell library contained the following spells:

 Spells                   Type           Power      Damage    Failure   Level
 Animate Skeleton         Necr           0%         N/A       52%         1
 Apportation              Tloc           0%         N/A       52%         1
 Corona                   Hex            0%         N/A       52%         1
 Magic Dart               Conj           0%         1d3       52%         1
 Pain                     Necr           0%         1d4       52%         1
 Summon Small Mammal      Summ           0%         N/A       52%         1
 Ensorcelled Hibernation  Hex/Ice        0%         N/A       65%         2
 Passwall                 Tmut/Erth      0%         N/A       65%         2
 Searing Ray              Conj           0%         3d3       65%         2
 Dazzling Flash           Conj/Hex       0%         N/A       87%         3
 Inner Flame              Hex/Fire       0%         N/A       87%         3
 Vampiric Draining        Necr           0%         2d6       87%         3
 Animate Dead             Necr           0%         N/A       99%         4
 Fulminant Prism          Conj/Hex       0%         3d6       99%         4
 Iskenderun's Mystic Bla  Conj/Tloc      0%         2d3       99%         4
 Agony                    Necr           0%         N/A       100%        5
 Borgnjor's Vile Clutch   Necr/Erth      0%         N/A       100%        5
 Excruciating Wounds      Necr           0%         N/A       100%        5
 Discord                  Hex            0%         N/A       100%        8
 Shatter                  Erth           0%         3d5*      100%        9


Dungeon Overview and Level Annotations

Branches:
Dungeon (6/15)             Temple (1/1) D:5

Altars:
Ashenzari
Cheibriados
Dithmenos
Elyvilon
Fedhas
Gozag
Hepliaklqana
Kikubaaqudgha
Makhleb
Nemelex Xobeh
Okawaru
Qazlal
Ru
Sif Muna
Trog
Vehumet
Yredelemnul
Zin
The Shining One

Shops:
D:2 (

Annotations:
D:1 exclusion: downstairs, Terence


Innate Abilities, Weirdness & Mutations

You are completely covered in rugged brown scales. (AC +3, +7% HP)
You have supernaturally acute eyesight. (SInv)
Armour fits poorly on your strangely shaped body.
You can roll at nearby foes to attack.
You have a long armoured tail.
You curl defensively after being hit.


Message History

The orc hits you with a +0 club. The orc hits you but does no damage.
You barely miss the orc.
The orc is almost dead.
The orc barely misses you. The orc hits you with a +0 whip.
Okay, then.
You barely miss the orc.
Your tail-slap misses the orc.
The orc is almost dead.
The orc hits you with a +0 club. The orc barely misses you.
You sock the orc!
You kill the orc!
Lugonu accepts your kill. The orc hits you but does no damage.
You see here a +0 whip.
You hit the orc.
You kill the orc!
Lugonu accepts your kill. The wyvern zombie closely misses you.
You hit the wyvern zombie.
The wyvern zombie is lightly damaged.
The wyvern zombie closely misses you.
You hit the wyvern zombie.
The wyvern zombie is moderately damaged.
The wyvern zombie bites you but does no damage.
Press: ? - help, v - describe, . - travel The floor.
Okay, then.
Okay, then.
Okay, then.
The wyvern zombie bites you! The wyvern zombie bites you.
Space bends sharply around you!
You blink.
Space bends sharply around you!
The wyvern zombie blinks!
You blink.
Space bends around you!
You blink.
The wyvern zombie closely misses you. The wyvern zombie barely misses you.
The wyvern zombie bites you!
* * * LOW HITPOINT WARNING * * *
You don't have enough health at the moment.
Unknown command.
You feel yourself speed up. The wyvern zombie bites you!
You die...

#####...#.#.#.###.#.#
........#.#.#.# #.#.#
............#.# #.#.#
........#.#.#.# #.#.#
......###.#...# #.#.#
####'####.#.#####.#.#
###................#
#......#.#.#####...#
#......#.#.#...@Z..#
#......#.#.#.###...#
###..###...#.# #...# #..#
#####.####..######## #..#
#.......#.....)....#
####..###.###.#.##.#####.###
..............#.##.# #)#
#####.........#.##.# #Z##
............#.#.##.# #..#


You could see a wyvern zombie.

Vanquished Creatures
  A sky beast (D:6)
  A black bear (D:4)
  A centaur (D:6)
  A phantom (D:5)
  A scorpion (D:5)
  A howler monkey (D:4)
  A jelly (D:6)
  A bullfrog skeleton (D:6)
  A hound (D:5)
  An orc priest (D:4)
  An orc wizard (D:5)
  A scorpion zombie (D:5)
  2 hound skeletons
  6 adders
  3 gnolls
  A shadow imp (D:3)
  An ufetubus (D:6)
  An adder skeleton (D:4)
  A worm (D:2)
  2 dart slugs
  8 orcs
  6 endoplasms
  5 giant cockroaches
  7 hobgoblins
  8 jackals (D:1)
  4 quokkas (D:1)
  6 ball pythons
  8 bats
  5 frilled lizards
  12 goblins
  4 kobolds
  6 rats
108 creatures vanquished.

Notes
Turn   | Place    | Note
-------+----------+-------------------------------------------
     0 | Abyss:1  | 1player the Palentonga Abyssal Knight began the quest for
                  | the Orb.
     0 | Abyss:1  | Reached XP level 1. HP: 19/19 MP: 2/2
     3 | Abyss:1  | Found a corrupted altar of Lugonu.
     4 | Abyss:1  | Found a corrupted altar of Lugonu.
    61 | Abyss:1  | Found a corrupted altar of Lugonu.
    68 | Abyss:1  | Noticed an apocalypse crab
    74 | Abyss:1  | Noticed a raiju
    75 | Abyss:1  | Noticed a blink frog
    76 | D:1      | Escaped the Abyss
   216 | D:1      | Reached * piety under Lugonu
   234 | D:1      | Reached XP level 2. HP: 21/25 MP: 3/3
   775 | D:1      | Reached skill level 4 in Fighting
   951 | D:1      | Reached XP level 3. HP: 32/32 MP: 4/4
  1011 | D:1      | Found a faded altar of an unknown god.
  1376 | D:1      | Reached ** piety under Lugonu
  1446 | D:2      | Found Keanoana's Weapon Emporium.
  2055 | D:2      | Reached XP level 4. HP: 34/40 MP: 5/5
  2189 | D:2      | Bought a +0 quarterstaff for 40 gold pieces
  2212 | D:2      | Noticed an orc warrior
  2329 | D:2      | Noticed Terence
  3069 | D:2      | Reached skill level 1 in Staves
  3728 | D:3      | Noticed a necrophage
  4402 | D:4      | Noticed a black bear
  4625 | D:4      | Reached XP level 5. HP: 32/46 MP: 6/6
  4733 | D:4      | Identified the Tome of Vlad
  5435 | D:4      | Killed a black bear
  5436 | D:4      | Reached XP level 6. HP: 53/53 MP: 7/7
  5552 | D:4      | Identified the Almanac of Earthen Enchantment
  5808 | D:5      | Entered Level 5 of the Dungeon
  6000 | D:5      | Reached skill level 5 in Staves
  6379 | D:5      | Found a staircase to the Ecumenical Temple.
  6401 | Temple   | Entered the Ecumenical Temple
  6576 | D:5      | Reached skill level 5 in Fighting
  7166 | D:5      | Found a broken altar of Ashenzari.
  7168 | D:5      | Found a snail-covered altar of Cheibriados.
  7287 | D:6      | Gained mutation: You curl defensively after being hit.
                  | [Palentonga growth]
  7287 | D:6      | Reached XP level 7. HP: 34/59 MP: 8/8
  7583 | D:6      | Reached skill level 6 in Fighting
  7624 | D:6      | Found a bloodstained altar of Trog.
  7624 | D:6      | Found an opulent altar of Gozag.
  8526 | D:5      | HP: 2/62 [wyvern zombie (13)]
  8527 | D:5      | Mangled by a wyvern zombie

Illustrated notes

Levels and vault maps discovered:
D:1:      tarquinn_simple_flora_water_a, layout_basic,
          ebering_ecumenical_altar_webs, st_stairs_7, hangedman_decor_riveting
D:2:      layout_rooms, serial_shops, nicolae_shop_waterfront, uniq_terence
D:3:      layout_basic
D:4:      layout_basic
D:5:      cheibrodos_quashed, layout_basic, minitemple,
          minmay_temple_entry_glassed_door
D:6:      layout_loops_corners, gammafunk_temple_overflow_wave,
          chequers_hall_statues_y, kennysheep_boxes
Temple:   regret_index_temple_waves

Skill      XL: |  1  2  3  4  5  6  7 |
---------------+----------------------+-----
Fighting       | 4 5 6 |  6.0
Staves         | 3 4 5 |  5.8
Invocations    | 4 |  4.2
Polearms       | |  1.7
Armour         | |  1.5
Dodging        | |  0.7

Action                   |  1- 3 |  4- 6 |  7- 9 || total
-------------------------+-------+-------+-------++-------
Melee: Spear             |   148 |   120 |       ||   268
       Tailslap          |    10 |    16 |     6 ||    32
       Quarterstaff      |       |    79 |    68 ||   147
Invok: Depart the Abyss  |     1 |       |       ||     1
       Bend Space        |       |     8 |     8 ||    16
 Abil: Rolling Charge    |    22 |    25 |     7 ||    54
Evoke: Wand              |       |     4 |     2 ||     6
  Use: Scroll            |     1 |     3 |       ||     4
       Potion            |       |       |     1 ||     1
Armor: Leather armour    |    58 |    38 |       ||    96
       Ring mail         |       |    46 |    42 ||    88
Dodge: Dodged            |    70 |    80 |    33 ||   183

Table legend: (Time is in decaauts)
 A = Elapsed time spent in this place.
 B = Non-inter-level travel time spent in this place.
 C = Inter-level travel time spent in this place.
 D = Time resting spent in this place.
 E = Time spent auto-exploring this place.
 F = Levels seen in this place.
 G = Mean time per level.
                   A        B        C        D        E       F      G
               +--------+--------+--------+--------+--------+-----+--------+
         Total |   8561 |   7902 |    659 |   3230 |   2593 |   8 | 1070.1 |
       Dungeon |   8348 |   7706 |    642 |   3230 |   2409 |   6 | 1391.3 |
        Temple |    136 |    119 |     17 |      0 |    117 |   1 |  136.0 |
         Abyss |     76 |     76 |      0 |      0 |     67 |   1 |   76.0 |
               +--------+--------+--------+--------+--------+-----+--------+

Top non-repeatable levels by time:
     D:1: 2327 daAuts
     D:4: 1554 daAuts
     D:5: 1475 daAuts
     D:3: 1164 daAuts
     D:2: 1019 daAuts
     D:6: 807 daAuts
  Temple: 136 daAuts
 Abyss:1: 76 daAuts
